 Dungeon Crawl Stone Soup version 0.18.1-8-gdd0e5ea (webtiles) character file.

172 Liquid the Skirmisher (level 5, -4/42 HPs)
             Began as a Formicid Abyssal Knight on May 31, 2016.
             Was a Believer of Lugonu.
             Shot with an arrow by a centaur (13 damage)
             ... on level 3 of the Dungeon.
             The game lasted 00:11:08 (2926 turns).

Liquid the Skirmisher (Formicid Abyssal Knight)     Turns: 2926, Time: 00:11:09

Health: -4/42      AC:  3    Str: 17    XL:     5   Next: 82%
Magic:  7/7        EV: 12    Int: 11    God:    Lugonu [**....]
Gold:   160        SH:  4    Dex: 20    Spells: 0 memorised, 4 levels left

rFire  + . .     SeeInvis +     a - +1 spear
rCold  . . .     Gourm    .     d - +0 robe of Dawn {rF+ Dex+7} (curse)
rNeg   . . .     Faith    .     z - +0 buckler
rPois  .         Spirit   .     (helmet unavailable)
rElec  .         Dismiss  .     (no cloak)
rCorr  .         Reflect  .     (no gloves)
SustAt .         Harm     .     x - +0 pair of boots
MR     .....     Clarity  +     (no amulet)
Stlth  ++........               (no ring)
                                (no ring)

@: not resistant to hostile enchantments, unstealthy
A: permanent stasis, dig shafts and tunnels, four strong arms, antennae 3, agile
1, clarity, low mp 1, wild magic 1
a: Dig, Shaft Self, Depart the Abyss, Bend Space, Renounce Religion


You were on level 3 of the Dungeon.
You worshipped Lugonu.
Lugonu was pleased with you.
You were hungry.

You visited 1 branch of the dungeon, and saw 3 of its levels.
You visited the Abyss 1 time.

You collected 160 gold pieces.

Inventory:

Hand Weapons
 a - a +1 spear (weapon)
 y - a +0 trident
Armour
 b - a +0 leather armour
 d - the cursed +0 robe of Dawn (worn) {rF+ Dex+7}
   (You found it on level 2 of the Abyss)

   It affects your dexterity (+7).
   It protects you from fire.
   It has a curse placed upon it.
 q - a +0 leather armour of cold resistance
 x - a +0 pair of boots (worn)
 z - a +0 buckler (worn)
Scrolls
 e - 2 scrolls of identify {unknown}
 f - a scroll of random uselessness {unknown}
 g - a scroll of recharging {unknown}
 h - 3 scrolls of remove curse {unknown}
 i - 2 scrolls of teleportation {unknown}
 k - a scroll of magic mapping {unknown}
 o - a scroll of blinking {unknown}
 s - 2 scrolls of enchant weapon {unknown}
 t - a scroll of enchant armour {unknown}
 B - a scroll of amnesia {unknown}
Potions
 n - a potion of haste
 p - 2 potions of curing {unknown}
 u - a potion of degeneration {unknown}
 v - a potion of cure mutation {unknown}
 w - 3 potions of ambrosia {unknown}
 A - 2 potions of lignification {unknown}
Comestibles
 c - a bread ration
 l - a beef jerky
 m - 3 fruits
 r - 2 meat rations
 C - 2 chunks of flesh


   Skills:
 + Level 4.2 Fighting
 + Level 3.5 Polearms
 - Level 2.1 Armour
 + Level 2.0 Dodging
 + Level 0.0 Shields
 + Level 3.8 Invocations


You had 4 spell levels left.
You didn't know any spells.

Dungeon Overview and Level Annotations

Branches:
Dungeon (3/15)

Altars:
Kikubaaqudgha


Innate Abilities, Weirdness & Mutations

You are under a permanent stasis effect.
You can dig through walls and to a lower floor.
Your four strong arms can wield two-handed weapons with a shield.
You have a pair of large antennae on your head (SInv).
You are agile. (Dex +2)
You possess an exceptional clarity of mind.
Your magical capacity is low (-10% MP).
Your spells are a little harder to cast, but a little more powerful.


Message History

You see here an arrow.
Unknown command.
You are already prepared to dig.
You dig through the rock wall.
Unknown command.
You dig through the rock wall.
You retract your mandibles.
You block the goblin's attack. The goblin hits you but does no damage.
Things that are here:
a war axe; a runed leather armour The centaur shoots an arrow.
The arrow barely misses you.
You see here an arrow.
A goblin comes into view.
Found 2 amethyst potions and a bubbling white potion.
The centaur shoots an arrow.
The arrow hits you!
* * * LOW HITPOINT WARNING * * *
You see here an arrow.
The centaur shoots an arrow.
The arrow hits you!
You die...

#. #.#.).# #..#
#.##.##.#######..#
#.....())..†....(#
#.#.r##.#.......)#
######.#.c##.#...###.#.
.g............#### #.##
#.####g..##########.#
#.........!.........#
#####@..###########.#
#...# ##### #.##
#<...##...# #...
.....##...# ####
##.#.###...####
#.#..........##
..............#
#.##..........#
####...###.#


You could see a centaur, a goblin and a rat.

Vanquished Creatures
  2 orc wizards (D:3)
  3 adders
  2 oozes
  A worm (D:2)
  2 dart slugs
  2 giant geckos (D:2)
  8 orcs (D:3)
  A ball python (D:2)
  4 bat zombies (D:2)
  7 giant cockroaches
  6 goblins
  5 hobgoblins
  3 jackals (D:2)
  2 quokkas (D:3)
  3 giant newts
  11 kobolds
  4 rats
  2 rat zombies (D:2)
68 creatures vanquished.

Vanquished Creatures (others)
  5 toadstools (D:1)
5 creatures vanquished.

Grand Total: 73 creatures vanquished

Notes
Turn   | Place    | Note
--------------------------------------------------------------
     0 | Abyss:1  | Liquid the Formicid Abyssal Knight began the quest for the Orb.
     0 | Abyss:1  | Reached XP level 1. HP: 18/18 MP: 2/2
    81 | Abyss:2  | Noticed a large abomination
    88 | Abyss:2  | Got a slimy robe
   126 | Abyss:2  | Noticed a salamander stormcaller
   128 | D:1      | Escaped the Abyss
   139 | D:1      | Identified the cursed +0 robe of Dawn {rF+ Dex+7} (You found it on level 2 of the Abyss)
   157 | D:1      | Reached skill level 1 in Dodging
   157 | D:1      | Reached XP level 2. HP: 20/24 MP: 3/3
   727 | D:1      | Reached * piety under Lugonu
   784 | D:1      | Reached XP level 3. HP: 22/30 MP: 4/4
  1320 | D:2      | Reached XP level 4. HP: 31/37 MP: 6/6
  1596 | D:2      | Found an ancient bone altar of Kikubaaqudgha.
  1667 | D:2      | Reached ** piety under Lugonu
  1810 | D:3      | Reached skill level 4 in Fighting
  2147 | D:3      | Reached XP level 5. HP: 8/42 MP: 7/7
  2148 | D:3      | Gained mutation: You are partially covered in iridescent scales (AC +4). [potion of mutation]
  2148 | D:3      | Gained mutation: Your magical capacity is low (-10% MP). [potion of mutation]
  2148 | D:3      | Lost mutation: You are partially covered in iridescent scales (AC +4). [potion of mutation]
  2149 | D:3      | Gained mutation: You possess an exceptional clarity of mind. [potion of mutation]
  2149 | D:3      | Gained mutation: You are agile. (Dex +2) [potion of mutation]
  2149 | D:3      | Gained mutation: Your spells are a little harder to cast, but a little more powerful. [potion of mutation]
  2888 | D:3      | Noticed a centaur
  2926 | D:3      | Shot with an arrow by a centaur

Skill      XL: |  1  2  3  4  5 |
---------------+----------------+-----
Dodging        | 1 2 |  2.0
Invocations    | 3 |  3.8
Polearms       | 3 |  3.5
Fighting       | 4 |  4.2
Armour         | |  2.1

Action                   |  1- 3 |  4- 6 || total
-------------------------+-------+-------++-------
Melee: Spear             |    95 |   209 ||   304
Invok: Depart the Abyss  |     1 |       ||     1
 Abil: Dig               |     2 |     6 ||     8
  Use: Potion            |       |     5 ||     5
 Stab: Sleeping          |     2 |     6 ||     8
  Eat: Chunk             |     2 |     5 ||     7
Armor: Robe              |     8 |    34 ||    42
Dodge: Dodged            |    24 |   117 ||   141
Block: Buckler           |       |     5 ||     5
